 Yiufcrawl Soup (a DCSS fork) version 1.5.2b1-yiuf-19-g91104ff (webtiles) character file.

2533652 MarkovLaser the Axe Maniac (level 27, 258/258 (260) HPs)
             Began as a Minotaur Berserker on July 6, 2017.
             Was the Champion of Trog.
             Escaped with the Orb
             ... and 4 runes on July 9, 2017!
             The game lasted 06:43:56 (62976 turns).

MarkovLaser the Axe Maniac (Minotaur Berserker)    Turns: 62976, Time: 06:43:57

HP:   258/258 (260) AC: 39    Str: 34    XL:     27
MP:   27/27         EV: 19    Int: 13    God:    Trog [******]
Gold: 6237          SH:  0    Dex: 11    Spells: 26/26 levels left

rFire    + + +     SeeInvis +   T - +7 executioner's axe (vamp)
rCold    + + +     Gourm    .   (shield currently unavailable)
rNeg     + . .     Faith    .   g - +9 gold dragon scales "Ibuept" {+Fly rPois rF+ rC+ MR+ Int+3}
rPois    +         Spirit   .   d - +2 hat
rElec    .         Reflect  .   a - scarf {rC+ rF+}
rCorr    .         Harm     .   I - +0 pair of gloves "Guutogasm" {+Inv Stlth+}
MR       +++..                  P - +2 pair of boots of the Assassin {Detection Stab+ Stlth++}
Stlth    ..........             D - amulet "Gighuan" {RegenMP *Contam rC++ rN+ Stlth+}
Regen    0.6/turn               J - ring "Ithre" {+Blink rF++ Int+6 SInv}
MPRegen  0.3/turn               C - ring "Apnel" {rPois rF+ rC- Slay+6}

@: no status effects
A: retaliatory headbutt, horns 2, deformed body, deterioration 1, low mp 1, no
potion heal 1
0: Orb of Zot
}: 4/15 runes: barnacled, silver, abyssal, gossamer
a: Berserk, Trog's Hand, Brothers in Arms, Renounce Religion, Evoke Blink, Evoke
Invisibility, Evoke Flight


You escaped.
You worshipped Trog.
Trog was exalted by your worship.
You were completely stuffed.

You visited 11 branches of the dungeon, and saw 51 of its levels.
You visited the Abyss 4 times.
You also visited: Trove and Ice Cave.

You collected 9194 gold pieces.
You spent 2957 gold pieces at shops.

Inventory:

Hand Weapons
 p - the +7 lajatang of Order {silver, rMut}
   (You found it on level 4 of the Vaults)

   It protects you from mutation.
 T - a +7 vampiric executioner's axe (weapon)
Missiles
 k - 25 exploding tomahawks
 H - 4 steel tomahawks
 N - 2 silver javelins (quivered)
 W - 6 steel javelins
Armour
 a - a scarf of resistance (worn)
 d - a +2 hat (worn)
 g - the +9 gold dragon scales "Ibuept" (worn) {+Fly rPois rF+ rC+ MR+ Int+3}
   (You found it in a treasure trove)

   It affects your intelligence (+3).
   It protects you from fire.
   It protects you from cold.
   It protects you from poison.
   It affects your resistance to hostile enchantments.
   It lets you fly.
 I - the +0 pair of gloves "Guutogasm" (worn) {+Inv Stlth+}
   (You found it on level 2 of the Vaults)

   It lets you turn invisible.
   It makes you more stealthy.
 P - the +2 pair of boots of the Assassin (worn) {Detection Stab+ Stlth++}
   (You found it on level 5 of the Vaults)

   It makes you much more stealthy.
Jewellery
 e - an uncursed ring of protection from magic
 v - the ring "Kihyc" {rElec rF+ Dex+5}
   (You found it on level 1 of the Depths)

   [ring of dexterity]

   It affects your dexterity (+5).
   It protects you from fire.
   It insulates you from electricity.
 C - the ring "Apnel" (right hand) {rPois rF+ rC- Slay+6}
   (You took it off a deep elf mage on level 5 of the Vaults)

   [ring of poison resistance]

   It affects your accuracy and damage with ranged weapons and melee attacks
   (+6).
   It protects you from fire.
   It makes you vulnerable to cold.
   It protects you from poison.
 D - the amulet "Gighuan" (around neck) {RegenMP *Contam rC++ rN+ Stlth+}
   (You took it off a deep elf demonologist on level 3 of the Elven Halls)

   [amulet of magic regeneration]

   It increases your magic regeneration.
   It greatly protects you from cold.
   It protects you from negative energy.
   It causes magical contamination when unequipped.
   It makes you more stealthy.
 J - the ring "Ithre" (left hand) {+Blink rF++ Int+6 SInv}
   (You took it off a deep elf mage on level 3 of the Elven Halls)

   [ring of see invisible]

   It affects your intelligence (+6).
   It greatly protects you from fire.
   It lets you see invisible.
   It lets you blink.
 K - an uncursed ring of positive energy
 L - an uncursed ring of resist corrosion
Wands
 f - a wand of paralysis (11/24)
 l - a wand of disintegration (5/24)
 x - a wand of acid (5/15)
 F - a wand of digging (7/24)
 G - a wand of digging (6/24)
 S - a wand of acid (0/15)
 U - a wand of iceblast (2/15)
Scrolls
 i - 27 scrolls of remove curse
 j - 20 scrolls of teleportation
 r - 6 scrolls of identify
 y - 9 scrolls of magic mapping
 M - 6 scrolls of fog
 O - 6 scrolls of fear
 V - 7 scrolls of immolation
 X - 4 scrolls of blinking
 Y - a scroll of silence
 Z - 4 scrolls of recharging
Potions
 b - 2 potions of invisibility
 m - a potion of haste
 o - 5 potions of resistance
 u - 11 potions of lignification
 w - 12 potions of curing
 A - 11 potions of heal wounds
 B - 8 potions of might
 E - a potion of agility
 R - 2 potions of cancellation
Miscellaneous
 s - 6 sacks of spiders
 t - a lightning rod (4/4)
 z - 7 boxes of beasts
 Q - a phial of floods
Comestibles
 c - 9 bread rations
 h - a chunk of flesh
 n - 36 royal jellies
 q - 39 fruits


   Skills:
 + Level 23.8 Fighting
 O Level 27 Axes
 - Level 2.4(18.8) Staves
 - Level 15.0 Throwing
 * Level 25.9 Armour
 + Level 22.2 Dodging
   Level 21.1 Shields
 - Level 11.9 Evocations


You had 26 spell levels left.
You didn't know any spells.

Dungeon Overview and Level Annotations

Branches:
Dungeon (15/15)            Temple (1/1) D:4            Lair (6/6) D:9
 Shoals (4/4) Lair:3       Spider (4/4) Lair:2        Slime (1/5) Lair:5
    Orc (2/2) D:10            Elf (3/3) Orc:2        Vaults (5/5) D:13
  Crypt (0/3) Vaults:3     Depths (5/5) D:15            Zot (5/5) Depths:5

Altars:
Ashenzari
Gozag
Hepliaklqana
Kikubaaqudgha
Makhleb
Okawaru
Qazlal
Ru
Sif Muna
Uskayaw
Wu Jian
Xom
Yredelemnul
Zin
The Shining One
Beogh
Jiyva

Shops:
D:6 *   D:14 [   D:15 ::}   Orc:2 !!?!   Elf:2 =   Elf:3 %}=}   Shoals:1 [
Vaults:3 ?   Vaults:4 %   Depths:3 ?(   Depths:5 *

Portals:
Hell: Depths:1 Depths:2 Depths:3 Depths:4 Depths:5
Abyss: Depths:4
Pandemonium: Depths:3 Depths:5
Ziggurat: Depths:2

Annotations:
Shoals:1 +10 large shield rN+ Int -4
Vaults:4 fan of gales


Innate Abilities, Weirdness & Mutations

You reflexively headbutt those who attack you in melee.
You have a pair of horns on your head.
Armour fits poorly on your strangely shaped body.
Your body sometimes deteriorates upon taking damage.
Your magical capacity is low. (-10% MP)
Potions are less effective at restoring your health.


Message History

You kill the bat!
Trog accepts your kill.
No target in view!
No target in view!
You see here a bat corpse.
You butcher the bat corpse.
h - a chunk of flesh
(D) Dungeon (T) Temple (L) Lair (A) Shoals (N) Spider Nest (M) Slime Pits (O) Orcish Mines (E) Elven Halls (V) Vaults (C) Crypt (U) Depths (H) Hell (Z) Zot
Where to? (Enter - D:1 @ (x,y), ? - help)
Okay, then.
There is a dry fountain here.
You enter the shallow water.
Moving in this stuff is going to be slow.
You enter the shallow water.
Moving in this stuff is going to be slow.
There is a staircase leading out of the dungeon here.
You have escaped!

######........###################
# #......#.# ###########
######......#.## ####.........###
............#..###...............
#..###.....###.##......⌠...⌠.....
##.###.##### #.##...⌠.........⌠..
.......# #.#.........≈.......
#####..# #.#...⌠.........(.⌠.
....#..# #.#@.....≈.....≈....
###.#..# #.#...⌠...........⌠.
..#.#..# #.#.........≈.......
#.#.#..# #.##...⌠.........⌠..
)(#.#..# #..#......⌠...⌠.....
.)#.#..# ##.##.(.............
###.#..# #..####.........###
....#..# ##....###########
#####..# ####..........##


There were no monsters in sight!

Vanquished Creatures
  7 ancient liches
  3 orbs of fire
  Mara (Shoals:3)
  2 juggernauts
  Saint Roka (Depths:5)
  Nikola (Spider:2)
  A curse toe (Zot:3)
  6 golden dragons
  4 Killer Klowns
  A caustic shrike (Depths:3)
  Jory (Depths:5)
  the Enchantress (Depths:4)
  2 bone dragons
  6 electric golems
  Jorgrun (Depths:3)
  The ghost of loopi the Fencer, an adept PuFi of Makhleb (Depths:2)
  Rupert (D:15)
  16 tentacled monstrosities
  3 liches
  5 titans
  9 quicksilver dragons
  2 deep elf blademasters
  23 Orb Guardians
  2 tentacled starspawn (Abyss:3)
  4 deep elf master archers
  The ghost of loopi the Fencer, an adept ImWn of Makhleb (Vaults:1)
  A kraken (Shoals:2)
  12 death cobs
  7 sphinxes
  13 shadow dragons
  An acid blob (Slime:1)
  14 storm dragons
  16 fire giants
  An azure jelly (Slime:1)
  Kirke (Shoals:3)
  5 draconian monks
  10 tengu reavers
  11 deep elf sorcerers
  Ilsuiw (Shoals:4)
  A daeva (Depths:4)
  8 ghost moths
  A balrug (D:3)
  An iron dragon (Depths:2)
  3 draconian scorchers
  12 frost giants
  15 vault wardens
  7 draconian knights
  A juggernaut zombie (Depths:1)
  2 orc warlords (Orc:2)
  A caustic shrike zombie (Depths:3)
  2 angels
  3 emperor scorpions (Spider:4)
  5 draconian shifters
  8 spriggan defenders
  2 draconian annihilators
  16 very ugly things
  3 deep elf elementalists
  8 draconian stormcallers
  6 war gargoyles
  9 ironheart preservers
  22 stone giants
  4 vampire knights
  5 deep elf demonologists
  5 entropy weavers
  A juggernaut skeleton (Depths:3)
  9 black draconians
  12 green draconians
  Azrael (D:14)
  11 yellow draconians
  12 deep elf annihilators
  7 white draconians
  11 spark wasps
  14 red draconians
  8 merfolk javelineers
  8 purple draconians
  20 ettins
  A crystal guardian (Depths:2)
  A green death (Abyss:3)
  10 deep elf death magi
  6 merfolk impalers
  10 fire dragons
  Josephine (Orc:2)
  8 deep elf high priests
  8 ice dragons
  15 great orbs of eyes
  A great orb of eyes (shapeshifter) (Depths:3)
  14 yaktaur captains
  A hell beast (Depths:5)
  2 rakshasas (Depths:3)
  A monstrous demonspawn (Depths:5)
  2 catoblepae
  2 juggernaut simulacra (Depths:2)
  The ghost of pedritolo the Spear-Bearer, a journeyman ImCK of Xom (Lair:2)
  5 hydras
  13 spriggan air magi
  A hydra (shapeshifter) (Depths:2)
  4 merfolk aquamancers
  A catoblepas (shapeshifter) (Depths:2)
  6 merfolk avatars
  32 vault guards
  3 satyrs
  An anaconda (Lair:6)
  3 deep troll shamans
  The ghost of Dipster the Grappler, a novice BKFi of Wu Jian (D:9)
  7 centaur warriors
  An alligator snapping turtle (Shoals:4)
  4 death knights
  Erica (Lair:1)
  70 two-headed ogres
  16 ogre magi
  A satyr (shapeshifter) (Depths:2)
  4 death yaks (Lair:6)
  4 tengu warriors
  4 orc high priests (Orc:2)
  A thrashing horror (Abyss:3)
  34 dancing weapons
  9 deep troll earth magi
  9 spriggan berserkers
  A shock serpent (Depths:2)
  5 vampire magi
  3 hell knights (Depths:3)
  14 deep elf knights
  A soul eater (Depths:5)
  2 storm dragon zombies
  A fire crab (shapeshifter) (D:15)
  2 wretched stars (Abyss:3)
  A golden dragon zombie (Trove)
  A sixfirhy (Abyss:2)
  A shadow wraith (Depths:1)
  12 skeletal warriors
  5 sea snakes
  4 unseen horrors
  2 glowing orange brains
  2 unseen horrors (shapeshifter)
  The ghost of Spookyscaryskeleman the Chiller, a novice HEIE of Ru (D:8)
  6 flayed ghosts
  A storm dragon skeleton (Depths:3)
  A sea snake (shapeshifter) (Depths:5)
  6 wizards
  11 ironbrand convokers
  17 deep trolls
  9 deep elf archers
  16 orc knights
  A mana viper (shapeshifter) (Depths:2)
  5 necromancers
  The ghost of Angani the Shield-Bearer, a novice NLFi of Wu Jian (D:5)
  7 phantasmal warriors
  18 orb spiders
  2 lindwurms (shapeshifter)
  27 ugly things
  7 cyclopes
  14 harpies
  A harpy (shapeshifter) (Depths:2)
  47 wolf spiders
  12 manticores
  2 frost giant zombies
  51 deep elf magi
  4 orc sorcerers
  A spectral ice dragon (Depths:1)
  A tengu skeleton (Depths:3)
  A shining eye (shapeshifter) (Vaults:5)
  A shining eye (Slime:1)
  20 fauns
  3 centaur zombies
  An apocalypse crab (Abyss:3)
  4 black mambas
  10 merfolk sirens
  A worldbinder (Abyss:3)
  23 moths of wrath
  5 elephants (Lair:6)
  11 vault sentinels
  An eye of devastation (shapeshifter) (Depths:2)
  4 torpor snails
  A black mamba (shapeshifter) (D:11)
  2 naga magi
  A water nymph (shapeshifter) (Depths:5)
  A fire giant skeleton (Vaults:5)
  2 rust devils
  An ice statue (IceCv)
  An orange demon (Depths:2)
  7 water nymphs
  3 gargoyles
  A guardian serpent (Abyss:3)
  25 spiny frogs
  41 yaktaurs
  5 rime drakes
  8 komodo dragons
  A kobold demonologist (D:14)
  7 demonic crawlers
  A spriggan zombie (Depths:1)
  An ice devil (Depths:5)
  A hellwing (Depths:2)
  A komodo dragon (shapeshifter) (Elf:3)
  A yaktaur skeleton (Depths:1)
  9 tengu conjurers
  An ancient zyme (Abyss:3)
  2 efreet (Depths:2)
  4 red devils (D:3)
  5 freezing wraiths
  A troll (shapeshifter) (Depths:3)
  3 polar bears
  20 hornets
  A meliai (shapeshifter) (Depths:3)
  An elf skeleton (Depths:3)
  2 jumping spiders (shapeshifter)
  34 merfolk
  3 tyrant leeches (Lair:6)
  34 blink frogs
  39 jumping spiders
  8 trolls
  A wind drake (shapeshifter) (Vaults:1)
  The ghost of Spookyscaryskeleman the Firebug, an amateur LOFE (D:4)
  A tyrant leech (shapeshifter) (Depths:2)
  8 wind drakes
  10 dream sheep
  A stone giant simulacrum (Vaults:1)
  11 hippogriffs
  3 snapping turtles
  43 slime creatures
  A large abomination (Depths:5)
  2 centaur simulacra
  A spriggan (shapeshifter) (Depths:2)
  6 air elementals
  A shadow (D:11)
  27 tarantellas
  6 spriggans
  20 water elementals
  4 wyverns
  94 redbacks
  A fire dragon skeleton (Trove)
  A vampire (D:11)
  An ettin skeleton (Vaults:5)
  6 starcursed masses (Abyss:3)
  2 humans (shapeshifter) (Depths:2)
  8 wraiths
  2 humans
  2 basilisks
  2 basilisks (shapeshifter) (Vaults:1)
  6 fire elementals
  29 yaks
  2 chaos spawn
  2 golden eyes (Slime:1)
  10 hogs
  A hungry ghost (D:8)
  A steam dragon (D:13)
  11 vampire mosquitoes
  A neqoxec (Abyss:3)
  10 wargs
  A human zombie (Depths:3)
  A naga (Abyss:3)
  8 porcupines
  3 acid dragons
  3 hell hounds (D:14)
  20 water moccasins
  A black bear (shapeshifter) (Depths:1)
  59 orc warriors
  2 necrophages
  28 ice beasts
  2 black bears
  3 phantoms
  An eye of draining (Slime:1)
  3 small abominations
  42 ogres
  16 boggarts
  The ghost of nebgrebaes the Shield-Bearer, an amateur FoFi (D:14)
  A sky beast (shapeshifter) (Depths:5)
  A wolf (shapeshifter) (Depths:4)
  6 wolves (Lair:2)
  20 centaurs
  12 crocodiles
  A big kobold (D:7)
  30 bullfrogs
  2 earth elementals
  An ogre simulacrum (Vaults:1)
  7 scorpions
  12 killer bees (D:7)
  A howler monkey (D:6)
  9 electric eels
  10 wights
  11 crimson imps
  2 bullfrog zombies
  A yaktaur simulacrum (Vaults:1)
  4 centaur skeletons
  7 hounds
  7 jellies
  21 orc wizards
  A quasit (D:11)
  A bullfrog skeleton (D:9)
  40 orc priests
  Crazy Yiuf (D:2)
  An iron imp (Depths:5)
  Jessica (D:2)
  Ijyb (D:5)
  3 iguanas
  4 worker ants
  A killer bee zombie (D:7)
  A hound zombie (D:10)
  2 hound skeletons
  Robin (D:2)
  11 gnolls
  An adder (shapeshifter) (Depths:2)
  14 adders
  2 howler monkey skeletons (D:5)
  A river rat (shapeshifter) (Depths:2)
  4 shadow imps
  2 oozes
  An adder skeleton (D:8)
  2 adder zombies
  4 worms (D:2)
  2 dart slugs (D:1)
  4 leopard geckos
  132 orcs
  12 bats
  14 giant cockroaches
  18 goblins
  8 hobgoblins
  24 jackals
  9 quokkas
  2 ball pythons
  5 frilled lizards
  A goblin skeleton (D:4)
  2 goblin zombies (D:4)
  A hobgoblin zombie (D:4)
  14 kobolds
  3 kobold skeletons (D:4)
  A kobold zombie (D:4)
  A leopard gecko zombie (D:7)
  An orc skeleton (D:4)
  2 orc zombies (D:4)
  2 quokka zombies
  6 rats
  7 crawling corpses
  A fungus (Lair:5)
  17 plants
  3 starspawn tentacles (Abyss:3)
  2 tentacles (Shoals:2)
2564 creatures vanquished.

Vanquished Creatures (collateral kills)
  Boris (Vaults:4)
  Frederick (Vaults:4)
  A golden dragon (Vaults:5)
  A lich (Depths:4)
  An Orb Guardian (Zot:5)
  A storm dragon (Vaults:4)
  A war gargoyle (Vaults:4)
  An ironheart preserver (Vaults:4)
  A deep elf demonologist (Elf:3)
  A black draconian (Zot:5)
  A merfolk javelineer (Shoals:4)
  A fire dragon (Depths:4)
  An ogre mage (Vaults:4)
  An ice dragon (IceCv)
  A vault guard (D:13)
  2 yaktaur captains
  A spriggan air mage (Depths:4)
  A wizard (D:13)
  2 deep trolls (Vaults:4)
  An ugly thing (Depths:3)
  A cyclops (shapeshifter) (Vaults:5)
  A deep elf mage (Vaults:4)
  A vault sentinel (Vaults:4)
  A merfolk siren (Shoals:3)
  A yaktaur (Vaults:4)
  A tengu conjurer (D:13)
  An air elemental (Depths:4)
  A spriggan (Depths:4)
  An eye of draining (D:13)
  An orc (Vaults:5)
  A plant (Shoals:4)
33 creatures vanquished.

Vanquished Creatures (others)
  A frost giant (Depths:3)
  An ironbrand convoker (Vaults:4)
  A deep elf mage (Elf:3)
  An ice statue (IceCv)
  A jumping spider (Spider:1)
  A dream sheep (Shoals:4)
  A redback (Spider:3)
  A ynoxinul (Zot:5)
  An ice beast (D:10)
  An orc (Vaults:3)
  12 fungi
  A lurking horror (Abyss:3)
  118 plants
  11 starspawn tentacles (Abyss:3)
  4 tentacles (Shoals:2)
156 creatures vanquished.

Grand Total: 2753 creatures vanquished

Notes
Turn   | Place    | Note
-------+----------+-------------------------------------------
     0 | D:1      | MarkovLaser the Minotaur Berserker began the quest for the Orb.
     0 | D:1      | Reached XP level 1. HP: 19/19 MP: 0/0
   286 | D:1      | Reached XP level 2. HP: 26/27 MP: 1/1
   660 | D:1      | Reached ** piety under Trog
   825 | D:1      | Reached XP level 3. HP: 32/35 MP: 2/2
  1275 | D:2      | Reached skill level 5 in Fighting
  1380 | D:2      | Noticed Robin
  1584 | D:2      | Killed Robin
  1605 | D:2      | Reached XP level 4. HP: 36/44 MP: 3/3
  1756 | D:2      | Reached *** piety under Trog
  2167 | D:2      | Found a runed door.
  2337 | D:2      | Noticed Crazy Yiuf
  2344 | D:2      | Killed Crazy Yiuf
  2344 | D:2      | Reached XP level 5. HP: 51/51 MP: 4/4
  2460 | D:2      | Noticed Jessica
  2469 | D:2      | Killed Jessica
  2854 | D:3      | Noticed a black bear
  2858 | D:3      | Killed a black bear
  2858 | D:3      | Reached skill level 1 in Evocations
  2858 | D:3      | Reached XP level 6. HP: 52/60 MP: 5/5
  3651 | D:4      | Found a glowing golden altar of the Shining One.
  3670 | D:4      | Reached **** piety under Trog
  3732 | D:4      | Found a staircase to the Ecumenical Temple.
  3821 | D:4      | Found a hide-covered altar of Uskayaw.
  3846 | D:4      | Noticed Spookyscaryskeleman's ghost (amateur LOFE)
  3855 | D:4      | Killed Spookyscaryskeleman's ghost
  3855 | D:4      | Reached XP level 7. HP: 67/67 MP: 7/7
  3918 | D:4      | Found a faded altar of an unknown god.
  4115 | D:4      | Found a hazy altar of Hepliaklqana.
  4291 | Temple   | Entered the Ecumenical Temple
  4399 | D:5      | Entered Level 5 of the Dungeon
  4600 | D:5      | Noticed Ijyb
  4601 | D:5      | Noticed Angani's ghost (novice NLFi)
  4612 | D:5      | Killed Ijyb
  4614 | D:5      | Killed Angani's ghost
  4614 | D:5      | Reached skill level 5 in Armour
  4614 | D:5      | Reached XP level 8. HP: 75/75 MP: 9/9
  4888 | D:5      | Reached skill level 1 in Axes
  5031 | D:5      | Reached skill level 3 in Axes
  5193 | D:6      | Reached skill level 4 in Axes
  5197 | D:6      | Reached skill level 5 in Axes
  5710 | D:6      | Found Baodighi's Serpentskin Sales.
  5715 | D:6      | Reached skill level 6 in Axes
  5716 | D:6      | Reached skill level 7 in Axes
  5814 | D:6      | Found an ancient bone altar of Kikubaaqudgha.
  5815 | D:6      | Found a burning altar of Makhleb.
  5819 | D:6      | Found a glowing golden altar of the Shining One.
  5951 | D:6      | Noticed a hippogriff
  5963 | D:6      | Killed a hippogriff
  5963 | D:6      | Reached skill level 8 in Axes
  5963 | D:6      | Reached XP level 9. HP: 68/82 MP: 10/10
  6384 | D:6      | Reached skill level 9 in Axes
  6821 | D:7      | Reached skill level 10 in Axes
  6915 | D:7      | Found an ornate altar of the Wu Jian Council.
  6942 | D:7      | Reached skill level 11 in Axes
  7118 | D:7      | Reached skill level 12 in Axes
  7166 | D:7      | Found an iron altar of Okawaru.
  7270 | D:7      | Reached XP level 10. HP: 90/90 MP: 11/11
  7292 | D:7      | Reached ***** piety under Trog
  7621 | D:8      | Noticed Spookyscaryskeleman's ghost (novice HEIE)
  7633 | D:8      | Killed Spookyscaryskeleman's ghost
  7633 | D:8      | Reached skill level 13 in Axes
  8216 | D:8      | Reached skill level 14 in Axes
  8421 | D:9      | Found a deep blue altar of Sif Muna.
  8478 | D:9      | Noticed a two-headed ogre
  8485 | D:9      | Killed a two-headed ogre
  8555 | D:9      | Found a staircase to the Lair.
  8589 | D:9      | Noticed a two-headed ogre
  8596 | D:9      | Killed a two-headed ogre
  8596 | D:9      | Reached skill level 15 in Axes
  8637 | D:9      | Noticed Dipster's ghost (novice BKFi)
  8648 | D:9      | Killed Dipster's ghost
  8648 | D:9      | Reached XP level 11. HP: 74/95 MP: 12/12
  8894 | D:9      | Found a stormy altar of Qazlal.
  9199 | D:10     | Entered Level 10 of the Dungeon
  9293 | D:10     | Reached skill level 16 in Axes
  9481 | D:10     | Received a gift from Trog
  9508 | D:10     | Found a staircase to the Orcish Mines.
 11164 | D:10     | Killed an unseen horror
 11437 | Lair:1   | Entered Level 1 of the Lair of Beasts
 11497 | Lair:1   | Reached skill level 17 in Axes
 11845 | Lair:1   | Noticed Erica
 11872 | Lair:1   | Killed Erica
 12210 | Lair:1   | Reached skill level 18 in Axes
 13157 | Lair:2   | Noticed pedritolo's ghost (journeyman ImCK)
 13800 | Lair:2   | Reached XP level 12. HP: 95/103 MP: 13/13
 13874 | Lair:2   | Reached skill level 5 in Dodging
 13940 | Lair:2   | Found a hole to the Spider Nest.
 14399 | Lair:2   | Killed pedritolo's ghost
 14665 | Lair:3   | Found a frozen archway.
 14750 | IceCv    | Entered an ice cave
 15073 | IceCv    | Reached skill level 5 in Evocations
 15099 | IceCv    | Noticed an ice dragon
 15103 | IceCv    | Noticed an ice dragon
 15118 | IceCv    | Killed an ice dragon
 15123 | IceCv    | Killed an ice dragon
 15123 | IceCv    | Reached skill level 19 in Axes
 15593 | IceCv    | Got a wavering steel ring
 15597 | IceCv    | Got a warped brass ring
 15699 | IceCv    | Identified the ring of Plog {rElec rPois rF- Int+2} (You found it in an ice cave)
 15706 | IceCv    | Identified the ring of Grace {Fire rN+ Int+2 Slay-3} (You found it in an ice cave)
 15995 | Lair:3   | Reached skill level 10 in Fighting
 16626 | Lair:3   | Found a staircase to the Shoals.
 17120 | Lair:4   | Reached XP level 13. HP: 110/113 MP: 16/16
 17359 | Lair:4   | Received a gift from Trog
 17369 | Lair:4   | Found a labyrinth entrance.
 18039 | Lair:5   | Found a staircase to the Slime Pits.
 18039 | Lair:5   | Found a viscous altar of Jiyva.
 18787 | Lair:6   | Entered Level 6 of the Lair of Beasts
 18942 | Lair:6   | Found a shimmering altar of Xom.
 19238 | Lair:6   | Reached skill level 10 in Armour
 19455 | Lair:6   | Reached XP level 14. HP: 118/124 MP: 18/18
 19492 | Lair:6   | Received a gift from Trog
 20721 | Orc:1    | Entered Level 1 of the Orcish Mines
 20952 | Orc:2    | Entered Level 2 of the Orcish Mines
 21263 | Orc:2    | Received a gift from Trog
 21596 | Orc:2    | Found a staircase to the Elven Halls.
 21795 | Orc:2    | Noticed an orc warlord
 21912 | Orc:2    | Reached ****** piety under Trog
 21948 | Orc:2    | Killed an orc warlord
 21948 | Orc:2    | Received a gift from Trog
 22133 | Orc:2    | Found a roughly hewn altar of Beogh.
 22147 | Orc:2    | Noticed Josephine
 22148 | Orc:2    | Reached skill level 10 in Dodging
 22154 | Orc:2    | Killed Josephine
 22333 | Orc:2    | Found Heniopyludd's Distillery.
 22484 | Orc:2    | Found Reib's Distillery.
 22642 | Orc:2    | Found a roughly hewn altar of Beogh.
 22699 | Orc:2    | Received a gift from Trog
 22738 | Orc:2    | Found Uczitoag's Distillery.
 22758 | Orc:2    | Bought a potion of heal wounds for 60 gold pieces
 22929 | Orc:2    | Found Legepali's Magic Scroll Shop.
 22952 | Orc:2    | Bought a scroll of blinking for 97 gold pieces
 22964 | Orc:2    | Noticed an orc warlord
 22979 | Orc:2    | Killed an orc warlord
 23438 | Orc:1    | Paralysed by an orc sorcerer for 4 turns
 23730 | Orc:2    | Bought a potion of heal wounds for 70 gold pieces
 23761 | Orc:2    | Bought a potion of heal wounds for 75 gold pieces
 23761 | Orc:2    | Bought a potion of invisibility for 120 gold pieces
 23761 | Orc:2    | Bought a potion of invisibility for 120 gold pieces
 24016 | D:11     | Reached XP level 15. HP: 134/134 MP: 20/20
 24323 | D:11     | Found a large runed door.
 24395 | D:11     | Found a large runed door.
 25263 | D:11     | Found a deep blue altar of Sif Muna.
 25330 | D:11     | Found a shattered altar of Ashenzari.
 25868 | D:12     | Reached skill level 20 in Axes
 26013 | D:12     | Received a gift from Trog
 26032 | D:13     | Found an ancient bone altar of Kikubaaqudgha.
 26097 | D:13     | Reached skill level 1 in Shields
 26493 | D:13     | Reached skill level 5 in Shields
 26513 | D:13     | Found a gate to the Vaults.
 26922 | D:14     | Found Pextax's Armour Shop.
 26930 | D:14     | Noticed nebgrebaes's ghost (amateur FoFi)
 26939 | D:14     | Killed nebgrebaes's ghost
 27148 | D:14     | Noticed Azrael
 27162 | D:14     | Killed Azrael
 27608 | D:15     | Entered Level 15 of the Dungeon
 27608 | D:15     | Found Jeost's Book Boutique.
 27691 | D:15     | Found a staircase to the Depths.
 27733 | D:15     | Found Nuf Gosh's Gadget Shop.
 27779 | D:15     | Reached skill level 10 in Shields
 27794 | D:15     | Received a gift from Trog
 27878 | D:15     | Found Weishro's Book Shoppe.
 28035 | D:15     | Noticed Rupert
 28044 | D:15     | Killed Rupert
 28224 | D:15     | Found an opulent altar of Gozag.
 28542 | Spider:1 | Entered Level 1 of the Spider Nest
 28550 | Spider:1 | Reached XP level 16. HP: 143/143 MP: 21/21
 28616 | Spider:1 | Received a gift from Trog
 29337 | Spider:2 | Paralysed by a hornet for 2 turns
 29447 | Spider:2 | Reached skill level 15 in Shields
 29578 | Spider:2 | Noticed Nikola
 29588 | Spider:2 | Killed Nikola
 29798 | Spider:2 | You fall through a shaft!
 30122 | Spider:3 | Received a gift from Trog
 30332 | Spider:3 | Received a gift from Trog
 30735 | Spider:4 | Entered Level 4 of the Spider Nest
 30750 | Spider:4 | Reached XP level 17. HP: 149/151 MP: 23/23
 31326 | Spider:4 | Reached skill level 10 in Evocations
 31512 | Spider:4 | Received a gift from Trog
 31834 | Spider:4 | Got a gossamer rune of Zot
 32150 | Shoals:1 | Entered Level 1 of the Shoals
 32470 | Shoals:1 | Found Beittot's Antique Armour Emporium.
 32579 | Shoals:1 | You fall through a shaft!
 32904 | Shoals:2 | You fall through a shaft!
 32904 | Shoals:3 | Noticed Kirke
 32930 | Shoals:3 | Killed Kirke
 32993 | Shoals:3 | Received a gift from Trog
 33550 | Shoals:2 | Noticed a kraken
 33561 | Shoals:2 | Killed a kraken
 33975 | Shoals:3 | Reached XP level 18. HP: 161/161 MP: 25/25
 33978 | Shoals:3 | Noticed Mara
 33982 | Shoals:3 | Noticed MarkovLaser's illusion
 34021 | Shoals:3 | Noticed MarkovLaser's illusion
 34209 | Shoals:3 | Noticed MarkovLaser's illusion
 34217 | Shoals:3 | Killed Mara
 34607 | Shoals:3 | Received a gift from Trog
 35032 | Shoals:4 | Entered Level 4 of the Shoals
 35033 | Shoals:4 | Found an opulent altar of Gozag.
 35054 | Shoals:4 | Received a gift from Trog
 35120 | Shoals:4 | Reached skill level 21 in Axes
 35137 | Shoals:4 | Noticed Ilsuiw
 35455 | Shoals:4 | Reached skill level 15 in Fighting
 35762 | Shoals:4 | Got a barnacled rune of Zot
 35801 | Shoals:4 | Killed Ilsuiw
 35862 | Shoals:4 | Found a sacrificial altar of Ru.
 35917 | Shoals:4 | Received a gift from Trog
 36721 | Vaults:1 | Entered Level 1 of the Vaults
 37463 | Vaults:1 | Reached XP level 19. HP: 167/170 MP: 26/26
 37464 | Vaults:1 | Reached skill level 15 in Armour
 37632 | Vaults:1 | Noticed loopi's ghost (adept ImWn)
 37653 | Vaults:1 | Killed loopi's ghost
 37688 | Vaults:1 | Reached skill level 5 in Throwing
 38114 | Vaults:1 | Received a gift from Trog
 38825 | Vaults:2 | Reached skill level 10 in Throwing
 39209 | Vaults:2 | Got a pair of bloodstained gloves
 39215 | Vaults:2 | Identified the cursed +0 pair of gloves "Guutogasm" {+Inv Stlth+} (You found it on level 2 of the Vaults)
 39624 | Vaults:2 | Received a gift from Trog
 40588 | Vaults:3 | Reached skill level 15 in Throwing
 41002 | Vaults:3 | Reached XP level 20. HP: 176/176 MP: 27/27
 41179 | Vaults:3 | Found a staircase to the Crypt.
 41179 | Vaults:3 | Found a basalt altar of Yredelemnul.
 41180 | Vaults:3 | Found an ancient bone altar of Kikubaaqudgha.
 41211 | Vaults:3 | Received a gift from Trog
 41265 | Vaults:3 | Found Tikhlyl's Magic Scroll Boutique.
 41371 | Vaults:3 | Bought a scroll of teleportation for 54 gold pieces
 41521 | Vaults:4 | Received a gift from Trog
 41686 | Vaults:4 | Found Uvimiq's Food Shop.
 41920 | Vaults:4 | Noticed Boris
 41935 | Vaults:4 | Noticed Frederick
 41941 | Vaults:4 | HP: 8/177 [something (5)]
 41942 | Vaults:4 | Killed Boris
 41952 | Vaults:4 | Killed Frederick
 41958 | Vaults:4 | Received a gift from Trog
 41985 | Vaults:4 | Identified the +6 war axe "Jeuhuc" {speed, MR+} (Trog gifted it to you on level 4 of the Vaults)
 42380 | Vaults:4 | Reached skill level 22 in Axes
 43218 | Depths:1 | Entered Level 1 of the Depths
 43373 | Depths:1 | Got a scorched copper ring
 43375 | Depths:1 | Identified the ring "Kihyc" {rElec rF+ Dex+5} (You found it on level 1 of the Depths)
 43724 | Depths:1 | Received a gift from Trog
 44266 | Depths:1 | Identified Cavalafre's Catalogue of Necromancy
 44533 | Depths:1 | Identified the cursed +0 mace "Jafarif" {antimagic, rElec Int+4} (You found it on level 1 of the Depths)
 44577 | Depths:1 | Reached XP level 21. HP: 189/189 MP: 28/28
 44859 | Depths:1 | Found a gateway to Hell.
 45199 | Depths:2 | Noticed an ancient lich
 45210 | Depths:2 | Killed an ancient lich
 45210 | Depths:2 | Reached skill level 15 in Dodging
 45262 | Depths:2 | Received a gift from Trog
 45616 | Depths:2 | Noticed loopi's ghost (adept PuFi)
 45637 | Depths:2 | Killed loopi's ghost
 45885 | Depths:2 | Reached skill level 23 in Axes
 45912 | Depths:2 | Paralysed by a sphinx for 6 turns
 46056 | Depths:2 | Found a gateway to a ziggurat.
 46498 | Depths:3 | Received a gift from Trog
 46498 | Depths:3 | Reached XP level 22. HP: 178/200 MP: 29/29
 46686 | Depths:3 | Noticed a juggernaut
 46703 | Depths:3 | Killed a juggernaut
 46749 | Depths:3 | Noticed a golden dragon
 46762 | Depths:3 | Killed a golden dragon
 46833 | Depths:3 | Received a gift from Trog
 47027 | Depths:3 | Identified the +7 demon trident of Putrescence {drain, rF++ MR+} (You found it on level 3 of the Depths)
 47266 | Depths:3 | Found Uked's Magic Scroll Emporium.
 47272 | Depths:3 | Bought a scroll of magic mapping for 63 gold pieces
 47272 | Depths:3 | Bought a scroll of teleportation for 54 gold pieces
 47272 | Depths:3 | Bought a scroll of blinking for 135 gold pieces
 47272 | Depths:3 | Bought a scroll of identify for 36 gold pieces
 47272 | Depths:3 | Found Venaume's Antique Weapon Shoppe.
 47307 | Depths:3 | Noticed Jorgrun
 47312 | Depths:3 | Reached skill level 24 in Axes
 47323 | Depths:3 | Killed Jorgrun
 47697 | Depths:3 | Noticed a golden dragon
 47699 | Depths:3 | Received a gift from Trog
 47706 | Depths:3 | Noticed a caustic shrike
 47715 | Depths:3 | Killed a golden dragon
 47716 | Depths:3 | Killed a caustic shrike
 47728 | Depths:3 | Identified the +1 broad axe of Dim Light {vamp, *Contam Dex+5 Stlth+} (Trog gifted it to you on level 3 of the Depths)
 48008 | Depths:3 | Found a one-way gate leading to the halls of Pandemonium.
 48079 | Depths:4 | Found a one-way gate to the infinite horrors of the Abyss.
 48136 | Depths:4 | Reached XP level 23. HP: 209/209 MP: 30/30
 48477 | Depths:4 | Cast into level 3 of the Abyss (a lich)
 48671 | Abyss:3  | Lost intelligence.
 48686 | Abyss:3  | Paralysed by accursed screaming for 1 turns
 48705 | Abyss:3  | Got an abyssal rune of Zot
 48715 | Depths:4 | Escaped the Abyss
 48962 | Depths:4 | Noticed the Enchantress
 48987 | Depths:4 | Killed the Enchantress
 49385 | Depths:5 | Entered Level 5 of the Depths
 49477 | Depths:5 | Reached skill level 25 in Axes
 49637 | Depths:5 | Received a gift from Trog
 49848 | Depths:5 | Found Jopaple's Assorted Antiques.
 49896 | Depths:5 | Noticed Saint Roka
 49928 | Depths:5 | Killed Saint Roka
 49928 | Depths:5 | Received a gift from Trog
 49983 | Depths:5 | Bought a scroll of teleportation for 138 gold pieces
 49983 | Depths:5 | Bought a box of beasts for 920 gold pieces
 50126 | Depths:5 | Noticed a juggernaut
 50141 | Depths:5 | Killed a juggernaut
 50514 | Depths:5 | Reached XP level 24. HP: 205/220 MP: 30/30
 50620 | Depths:5 | Noticed Jory
 50642 | Depths:5 | Killed Jory
 50643 | Depths:5 | Found a gate to the Realm of Zot.
 51050 | Vaults:5 | Entered Level 5 of the Vaults
 51057 | Vaults:5 | Received a gift from Trog
 51144 | Vaults:5 | Reached skill level 26 in Axes
 51582 | Vaults:5 | Cast into level 2 of the Abyss (a deep elf sorcerer)
 51659 | Vaults:5 | Escaped the Abyss
 51665 | Vaults:5 | Received a gift from Trog
 52684 | Vaults:5 | Reached XP level 25. HP: 229/229 MP: 30/30
 52691 | Vaults:5 | Identified the ring "Apnel" {rPois rF+ rC- Slay+6} (You took it off a deep elf mage on level 5 of the Vaults)
 52728 | Vaults:5 | Received a gift from Trog
 52728 | Vaults:5 | Reached skill level 27 in Axes
 52751 | Vaults:5 | Noticed an ancient lich
 52765 | Vaults:5 | Killed an ancient lich
 52775 | Vaults:5 | Received a gift from Trog
 52786 | Vaults:5 | Got a silver rune of Zot
 53001 | Vaults:3 | Bought a scroll of enchant weapon for 135 gold pieces
 53298 | Elf:1    | Entered Level 1 of the Elven Halls
 53619 | Elf:1    | Found an ancient bone altar of Kikubaaqudgha.
 54166 | Elf:2    | Found Mealioh's Jewellery Boutique.
 54183 | Elf:2    | Received a gift from Trog
 54258 | Elf:2    | Found a runed door.
 54281 | Elf:2    | Found a runed door.
 54346 | Elf:2    | Received a gift from Trog
 54730 | Elf:2    | Cast into level 2 of the Abyss (a deep elf sorcerer)
 54764 | Elf:2    | Escaped the Abyss
 54848 | Elf:3    | Entered Level 3 of the Elven Halls
 54972 | Elf:3    | Found a portal to a secret trove of treasure.
 54999 | Elf:3    | Found Hoedgh's Food Boutique.
 55167 | Elf:3    | Found Cuik Dyg's Gadget Emporium.
 55167 | Elf:3    | Found Inkidadgh's Jewellery Boutique.
 55168 | Elf:3    | Found Ugufapti's Gadget Emporium.
 55171 | Elf:3    | Received a gift from Trog
 55178 | Elf:3    | Bought a box of beasts for 240 gold pieces
 55182 | Elf:3    | Bought a box of beasts for 320 gold pieces
 55182 | Elf:3    | Bought a sack of spiders for 320 gold pieces
 55634 | Elf:3    | Identified the ring "Ithre" {+Blink rF++ Int+6 SInv} (You took it off a deep elf mage on level 3 of the Elven Halls)
 55710 | Elf:3    | Identified the amulet "Gighuan" {RegenMP *Contam rC++ rN+ Stlth+} (You took it off a deep elf demonologist on level 3 of the Elven Halls)
 55745 | Elf:3    | Identified the Handbook of Igneous Ice
 55747 | Elf:3    | Identified Jidoudd's Grimoire of Stolen Souls and Heat
 55766 | Elf:3    | Received a gift from Trog
 56022 | Elf:3    | You paid a toll of +2 storm dragon scales to enter a treasure trove
 56023 | Trove    | Entered a treasure trove
 56060 | Trove    | Identified the +9 gold dragon scales "Ibuept" {+Fly rPois rF+ rC+ MR+ Int+3} (You found it in a treasure trove)
 56564 | Slime:1  | Entered Level 1 of the Pits of Slime
 56858 | D:10     | Received a gift from Trog
 57319 | Zot:1    | Entered Level 1 of the Realm of Zot
 57669 | Zot:1    | Reached XP level 26. HP: 244/244 MP: 30/30
 57977 | Zot:1    | Identified the amulet of Omohute {Faith *Drain +Fly rElec Int+4} (You found it on level 1 of the Realm of Zot)
 58830 | Zot:3    | Noticed an orb of fire
 58832 | Zot:3    | Gained mutation: Armour fits poorly on your strangely shaped body. [an orb of fire]
 58834 | Zot:3    | Received a gift from Trog
 58841 | Zot:3    | Killed an orb of fire
 59605 | Zot:4    | Received a gift from Trog
 59975 | Zot:4    | Received a gift from Trog
 60652 | Zot:4    | Reached XP level 27. HP: 190/254 MP: 3/30
 60784 | Zot:5    | Entered Level 5 of the Realm of Zot
 61105 | Zot:5    | Noticed an ancient lich
 61115 | Zot:5    | Killed an ancient lich
 61125 | Zot:5    | Noticed an ancient lich
 61140 | Zot:5    | Killed an ancient lich
 61469 | Zot:5    | Noticed an ancient lich
 61481 | Zot:5    | Killed an ancient lich
 61905 | Zot:5    | Noticed an orb of fire
 61912 | Zot:5    | Gained mutation: Potions are less effective at restoring your health. [an orb of fire]
 61926 | Zot:5    | Killed an orb of fire
 61959 | Zot:5    | Noticed an ancient lich
 61965 | Zot:5    | Killed an ancient lich
 62040 | Zot:5    | Cast into level 5 of the Abyss (a Zot trap)
 62040 | Abyss:5  | Entered Level 5 of the Abyss
 62110 | Zot:5    | Escaped the Abyss
 62125 | Zot:5    | Noticed an orb of fire
 62125 | Zot:5    | Gained mutation: Your magical capacity is low. (-10% MP) [an orb of fire]
 62139 | Zot:5    | Gained mutation: Your body sometimes deteriorates upon taking damage. [an orb of fire]
 62141 | Zot:5    | Killed an orb of fire
 62272 | Zot:5    | Got the Orb of Zot
 62351 | Zot:5    | Received a gift from Trog
 62353 | Zot:5    | Noticed an ancient lich
 62363 | Zot:5    | Killed an ancient lich
 62663 | D:14     | Noticed Wuxempeu the pandemonium lord
 62668 | D:14     | Noticed Zucruso the pandemonium lord
 62976 | D:$      | Escaped with the Orb!

Skill      XL: |  1  2  3  4  5  6  7  8  9 10 11 12 13 14 15 16 17 18 19 20 21 22 23 24 25 26 27 |
---------------+----------------------------------------------------------------------------------+-----
Fighting       | 4 5 6 7 8 10 11 12 13 14 15 16 17 18 19 21 22 23 | 23.8
Armour         | 3 4 5 8 10 12 13 14 15 16 17 18 19 21 23 25 | 25.9
Evocations     | 1 2 3 5 7 8 9 10 11 | 11.9
Dodging        | 3 4 7 8 10 11 12 13 14 15 16 17 18 19 20 22 | 22.2
Staves         | 2 |  2.4
Axes           | 8 12 15 18 19 20 21 22 23 24 25 26 27 | 27.0
Shields        | 12 15 16 17 18 19 20 21 | 21.1
Throwing       | 15 | 15.0

Action                   |  1- 3 |  4- 6 |  7- 9 | 10-12 | 13-15 | 16-18 | 19-21 | 22-24 | 25-27 || total
-------------------------+-------+-------+-------+-------+-------+-------+-------+-------+-------++-------
Melee: Unarmed           |     8 |       |       |       |       |       |       |       |       ||     8
       Dagger            |   122 |    55 |       |       |       |       |       |       |       ||   177
       Headbutt          |    39 |    17 |    42 |   132 |   307 |   393 |   448 |   411 |   324 ||  2113
       Quarterstaff      |       |    57 |   219 |   570 |       |       |       |       |       ||   846
       War axe           |       |       |       |    67 |  1302 |  1744 |  1540 |  1218 |       ||  5871
       Executioner's axe |       |       |       |       |       |       |    25 |    49 |  1113 ||  1187
       Lajatang          |       |       |       |       |       |       |    20 |       |       ||    20
Throw: Tomahawk          |     1 |       |       |       |    15 |     8 |    20 |    36 |    58 ||   138
       Javelin           |       |       |       |       |       |       |       |       |     7 ||     7
Invok: Berserk           |     6 |     6 |    13 |    20 |    17 |    22 |    27 |    18 |    19 ||   148
       Trog's Hand       |       |     2 |     1 |     3 |     5 |    14 |     3 |     8 |     4 ||    40
       Brothers in Arms  |       |       |       |     1 |     1 |     2 |     4 |     3 |     1 ||    12
Evoke: Wand              |       |       |       |    11 |    11 |    34 |     9 |       |    18 ||    83
       Fan of gales      |       |       |       |       |     1 |       |       |       |       ||     1
       Sack of spiders   |       |       |       |       |     1 |     1 |     2 |     1 |       ||     5
       Box of beasts     |       |       |       |       |       |       |     1 |     2 |     2 ||     5
       Lightning rod     |       |       |       |       |       |       |       |     1 |     3 ||     4
       Phial of floods   |       |       |       |       |       |       |       |       |     1 ||     1
  Use: Scroll            |       |       |    13 |    17 |    10 |    21 |    16 |     9 |    22 ||   108
       Potion            |       |       |       |     1 |       |     4 |     5 |     5 |     1 ||    16
 Stab: Sleeping          |       |     2 |       |       |       |       |       |       |       ||     2
       Confused          |       |       |     1 |     3 |       |     3 |       |       |       ||     7
       Paralysed         |       |       |       |     4 |       |     7 |     6 |       |       ||    17
       Petrified         |       |       |       |     1 |     2 |       |       |       |       ||     3
       Distracted        |       |       |       |       |     1 |       |       |     2 |     3 ||     6
       Held in net/web   |       |       |       |       |       |     1 |       |       |       ||     1
  Eat: Chunk             |     5 |     7 |    12 |    22 |    37 |    32 |    37 |    23 |    25 ||   200
       Meat ration       |       |     1 |       |     3 |       |     1 |       |     1 |     2 ||     8
       Royal jelly       |       |       |     2 |     1 |     1 |     2 |     7 |     3 |     2 ||    18
       Fruit             |       |       |       |       |       |       |     3 |       |       ||     3
       Bread ration      |       |       |       |       |       |       |       |       |     3 ||     3
Armor: Animal skin       |    19 |    23 |    14 |       |       |       |       |       |       ||    56
       Plate armour      |       |       |    84 |   272 |   599 |   757 |   431 |   395 |   127 ||  2665
       Gold dragon scale |       |       |       |       |       |       |       |       |   550 ||   550
Dodge: Dodged            |    38 |    82 |    96 |   208 |   528 |   660 |   471 |   531 |   641 ||  3255
Block: Shield            |       |       |       |       |    79 |  1230 |   796 |   837 |       ||  2942
